[ AOE2 MATCH · #481759904 ]
UnrankedVietnamese vs Teutons
[ REPLAY ANALYSIS · EXTRACTED FROM THE RECORDED GAME ]
Feudal
14:28
Castle
25:38
Imperial
—
| APM avg | 11.1 |
| APM peak | 40 |
| eAPM avg | 6.9 |
| Villagers / military | 45 / 46 |
Focus
⚔️ 29.2% · 🌾 70.8%
Skirmisher ×38 · Spearman ×8
Feudal
11:28
Castle
22:41
Imperial
34:52
| APM avg | 17.0 |
| APM peak | 36 |
| eAPM avg | 12.1 |
| Villagers / military | 119 / 49 |
Focus
⚔️ 20.2% · 🌾 79.8%
Spearman ×25 · Scout Cavalry ×11 · Knight ×9 · Trade Cart ×7 · Monk ×2 · Battering Ram ×2
Feudal
13:50
Castle
21:30
Imperial
34:19
| APM avg | 15.7 |
| APM peak | 97 |
| eAPM avg | 9.0 |
| Villagers / military | 68 / 74 |
Focus
⚔️ 39.2% · 🌾 60.8%
Archer ×74
Feudal
13:01
Castle
20:42
Imperial
28:32
| APM avg | 16.7 |
| APM peak | 54 |
| eAPM avg | 10.7 |
| Villagers / military | 93 / 37 |
Focus
⚔️ 18.2% · 🌾 81.8%
Genoese Crossbowman ×36 · Trebuchet (Packed) ×1
Feudal
12:24
Castle
23:28
Imperial
32:32
| APM avg | 11.7 |
| APM peak | 38 |
| eAPM avg | 9.0 |
| Villagers / military | 84 / 39 |
Focus
⚔️ 27.2% · 🌾 72.8%
Scout Cavalry ×22 · Knight ×14 · Obuch ×2 · Monk ×1
Feudal
—
Castle
—
Imperial
—
| APM avg | 8.2 |
| APM peak | 22 |
| eAPM avg | 6.3 |
| Villagers / military | 40 / 42 |
Focus
⚔️ 29.7% · 🌾 70.3%
Scout Cavalry ×20 · Battle Elephant ×9 · Archer ×6 · Scorpion ×3 · Monk ×2 · Skirmisher ×2
Feudal
10:29
Castle
14:03
Imperial
27:02
| APM avg | 19.9 |
| APM peak | 46 |
| eAPM avg | 16.6 |
| Villagers / military | 147 / 68 |
Focus
⚔️ 25.8% · 🌾 74.2%
War Elephant ×65 · Monk ×1 · Mangonel ×1 · Trebuchet (Packed) ×1
Feudal
18:11
Castle
28:23
Imperial
—
| APM avg | 7.7 |
| APM peak | 47 |
| eAPM avg | 6.3 |
| Villagers / military | 49 / 12 |
Focus
⚔️ 17.2% · 🌾 82.8%
Eagle Scout ×10 · Monk ×2 · Trade Cart ×1
Match map
Initial resources + every placement click. Lines = walls · curves = elevation contours. ◆ gold · ⬟ stone · ● berries · ✦ relic · ◌ wall gap
Your base· ✓ Closed at 25:38 · 23t walls · no gate
Slaya's base· Open — opponent sealed themselves in
YoungFlame's base· ✓ Closed at 21:30 · 16t walls · no gate
Ze das sega's base· Open — opponent sealed themselves in
Pasherine's base· ✓ Closed at 23:28 · 24t walls · 1 gate(s)
Marcosvbh's base· ✓ Closed at 29:31 · 0t walls · no gate
Ren's base· Open — opponent sealed themselves in
ZAX's base· ✓ Closed at 28:23 · 41t walls · no gate
Smoothed initial terrain · ◌ = detected wall gap · hover for details
Inputs per minute
— MOTHERSHIP - - Slaya
Build order — MOTHERSHIP
135 actions detected in the replay
| 0:02 | Create | Villager (Male) |
| 0:02 | Create | Villager (Male) |
| 0:03 | Create | Villager (Male) |
| 0:03 | Create | Villager (Male) |
| 0:22 | Research | Loom |
| 0:52 | Create | Villager (Male) |
| 0:52 | Create | Villager (Male) |
| 0:53 | Create | Villager (Male) |
| 0:58 | Build | House |
| 1:01 | Build | House |
| 1:42 | Build | Palisade Wall |
| 1:51 | Build | Palisade Wall |
| 1:56 | Build | Palisade Wall |
| 2:07 | Build | Palisade Wall |
| 2:25 | Create | Villager (Male) |
| 2:48 | Create | Villager (Male) |
| 3:03 | Build | Lumber Camp |
| 3:27 | Create | Villager (Male) |
| 3:57 | Create | Villager (Male) |
| 4:50 | Create | Villager (Male) |
| 4:51 | Create | Villager (Male) |
| 5:30 | Create | Villager (Male) |
| 6:09 | Create | Villager (Male) |
| 6:21 | Build | House |
| 6:49 | Create | Villager (Male) |
| 7:23 | Create | Villager (Male) |
| 8:02 | Build | Palisade Wall |
| 8:06 | Create | Villager (Male) |
| 8:31 | Create | Villager (Male) |
| 8:48 | Create | Villager (Male) |
| 8:49 | Create | Villager (Male) |
| 9:03 | Build | Mill |
| 9:15 | Create | Villager (Male) |
| 9:16 | Create | Villager (Male) |
| 9:19 | Build | House |
| 9:21 | Build | House |
| 9:44 | Create | Villager (Male) |
| 9:53 | Build | House |
| 9:59 | Build | House |
| 10:26 | Build | Mining Camp |
| 10:54 | Create | Villager (Male) |
| 11:15 | Create | Villager (Male) |
| 11:42 | Create | Villager (Male) |
| 12:17 | Research | Feudal Age |
| 12:44 | Build | Mining Camp |
| 13:20 | Create | Villager (Male) |
| 14:05 | Create | Villager (Male) |
| 14:26 | Create | Villager (Male) |
| 14:28 | Age | Feudal Age |
| 14:35 | Build | Watch Tower |
| 14:47 | Create | Villager (Male) |
| 15:11 | Create | Villager (Male) |
| 15:12 | Create | Villager (Male) |
| 15:46 | Build | Watch Tower |
| 16:08 | Create | Villager (Male) |
| 16:22 | Build | Farm |
| 16:23 | Build | Farm |
| 16:23 | Build | Farm |
| 16:23 | Build | Farm |
| 17:54 | Create | Villager (Male) |
| 17:54 | Create | Villager (Male) |
| 18:04 | Build | Farm |
| 18:05 | Build | Farm |
| 18:37 | Create | Villager (Male) |
| 18:38 | Create | Villager (Male) |
| 19:43 | Build | Barracks |
| 20:35 | Build | Watch Tower |
| 20:49 | Build | Watch Tower |
| 21:00 | Build | Blacksmith |
| 21:32 | Research | Fletching |
| 21:54 | Build | Archery Range |
| 22:08 | Create | Villager (Male) |
| 22:08 | Create | Villager (Male) |
| 22:22 | Build | Market |
| 22:31 | Build | Lumber Camp |
| 22:44 | Build | Farm |
| 22:47 | Research | Castle Age |
| 23:05 | Create | Skirmisher |
| 23:06 | Create | Skirmisher |
| 23:06 | Create | Skirmisher |
| 23:07 | Create | Skirmisher |
| 23:09 | Create | Skirmisher |
| 23:18 | Create | Spearman |
| 23:19 | Create | Spearman |
| 23:19 | Create | Spearman |
| 23:19 | Create | Spearman |
| 23:26 | Build | House |
| 23:28 | Build | House |
| 23:31 | Build | House |
| 23:33 | Build | House |
| 23:34 | Build | House |
| 23:37 | Build | House |
| 23:39 | Build | House |
| 23:41 | Build | House |
| 24:28 | Create | Villager (Male) |
| 24:28 | Create | Villager (Male) |
| 25:17 | Create | Skirmisher |
| 25:17 | Create | Skirmisher |
| 25:22 | Create | Spearman |
| 25:22 | Create | Spearman |
| 25:23 | Create | Spearman |
| 25:23 | Create | Spearman |
| 25:38 | Age | Castle Age |
| 25:54 | Build | University |
| 26:07 | Research | Elite Skirmisher (upgrade) |
| 26:08 | Create | Skirmisher |
| 26:08 | Create | Skirmisher |
| 26:13 | Build | Farm |
| 26:14 | Build | Farm |
| 26:26 | Create | Skirmisher |
| 26:28 | Create | Skirmisher |
| 26:41 | Build | Farm |
| 27:28 | Research | Guard Tower (upgrade) |
| 27:50 | Research | Ballistics |
| 27:54 | Create | Villager (Male) |
| 28:18 | Build | Mining Camp |
| 28:22 | Build | Farm |
| 28:25 | Create | Villager (Male) |
| 28:26 | Create | Villager (Male) |
| 29:16 | Build | Archery Range |
| 29:38 | Create | Skirmisher |
| 29:39 | Create | Skirmisher |
| 29:39 | Create | Skirmisher |
| 29:39 | Create | Skirmisher |
| 29:40 | Create | Skirmisher |
| 29:40 | Create | Skirmisher |
| 29:40 | Create | Skirmisher |
| 29:55 | Build | Farm |
| 29:55 | Build | Farm |
| 29:56 | Build | Farm |
| 29:56 | Build | Farm |
| 32:30 | Create | Skirmisher ×5 |
| 32:30 | Create | Skirmisher ×5 |
| 32:31 | Create | Skirmisher ×5 |
| 32:31 | Create | Skirmisher ×5 |
Build order — Slaya
First 150 of 309 actions detected
| 0:12 | Create | Villager (Male) |
| 0:13 | Research | Loom |
| 0:13 | Create | Villager (Male) |
| 0:14 | Create | Villager (Male) |
| 0:14 | Create | Villager (Male) |
| 0:14 | Create | Villager (Male) |
| 0:31 | Build | House |
| 0:33 | Build | House |
| 0:34 | Build | House |
| 0:35 | Build | House |
| 2:11 | Create | Villager (Male) |
| 2:11 | Create | Villager (Male) |
| 2:33 | Build | Mill |
| 2:42 | Create | Villager (Male) |
| 2:42 | Create | Villager (Male) |
| 3:32 | Create | Villager (Male) |
| 3:32 | Create | Villager (Male) |
| 4:18 | Create | Villager (Male) |
| 4:19 | Create | Villager (Male) |
| 5:00 | Create | Villager (Male) |
| 5:00 | Create | Villager (Male) |
| 5:23 | Create | Villager (Male) |
| 5:23 | Create | Villager (Male) |
| 6:22 | Create | Villager (Male) |
| 6:23 | Create | Villager (Male) |
| 6:23 | Create | Villager (Male) |
| 6:23 | Create | Villager (Male) |
| 6:23 | Create | Villager (Male) |
| 6:24 | Create | Villager (Male) |
| 6:24 | Create | Villager (Male) |
| 6:24 | Create | Villager (Male) |
| 8:14 | Build | Lumber Camp |
| 9:18 | Research | Feudal Age |
| 9:39 | Build | Mining Camp |
| 9:52 | Build | Palisade Wall |
| 10:28 | Build | House |
| 10:32 | Build | House |
| 10:33 | Build | House |
| 10:38 | Build | House |
| 10:38 | Build | House |
| 10:40 | Build | House |
| 11:22 | Create | Villager (Male) |
| 11:22 | Create | Villager (Male) |
| 11:22 | Create | Villager (Male) |
| 11:22 | Create | Villager (Male) |
| 11:23 | Create | Villager (Male) |
| 11:23 | Create | Villager (Male) |
| 11:28 | Age | Feudal Age |
| 11:38 | Build | Mill |
| 11:57 | Research | Double-Bit Axe |
| 12:16 | Research | Horse Collar |
| 13:25 | Create | Villager (Male) |
| 13:25 | Create | Villager (Male) |
| 13:25 | Create | Villager (Male) |
| 13:49 | Build | Farm |
| 13:50 | Build | Farm |
| 13:51 | Build | Farm |
| 13:52 | Build | Farm |
| 13:54 | Build | Farm |
| 14:02 | Build | Farm |
| 14:03 | Build | Farm |
| 14:04 | Build | Farm |
| 14:26 | Build | Market |
| 14:31 | Build | Blacksmith |
| 16:00 | Build | Stone Wall |
| 16:16 | Create | Villager (Male) |
| 16:16 | Create | Villager (Male) |
| 16:16 | Create | Villager (Male) |
| 16:17 | Create | Villager (Male) |
| 16:17 | Create | Villager (Male) |
| 16:17 | Create | Villager (Male) |
| 16:18 | Create | Villager (Male) |
| 16:18 | Create | Villager (Male) |
| 16:18 | Create | Villager (Male) |
| 16:58 | Create | Trade Cart |
| 17:42 | Build | Farm |
| 17:44 | Build | Farm |
| 17:46 | Build | Farm |
| 17:47 | Build | Farm |
| 17:48 | Build | Farm |
| 17:51 | Build | Mill |
| 18:03 | Build | Mining Camp |
| 18:16 | Build | Mining Camp |
| 18:52 | Build | Barracks |
| 19:07 | Build | Gate |
| 19:26 | Build | Lumber Camp |
| 19:40 | Build | Farm |
| 19:41 | Build | Farm |
| 19:43 | Build | Farm |
| 19:44 | Build | Farm |
| 19:45 | Build | Farm |
| 19:47 | Build | Farm |
| 19:48 | Build | Farm |
| 19:51 | Build | Mill |
| 19:59 | Research | Castle Age |
| 20:19 | Create | Trade Cart |
| 20:19 | Create | Trade Cart |
| 20:20 | Create | Trade Cart |
| 20:22 | Create | Trade Cart |
| 21:25 | Create | Villager (Male) |
| 21:26 | Create | Villager (Male) |
| 21:26 | Create | Villager (Male) |
| 21:26 | Create | Villager (Male) |
| 21:27 | Create | Villager (Male) |
| 22:22 | Create | Trade Cart |
| 22:23 | Create | Trade Cart |
| 22:41 | Age | Castle Age |
| 22:48 | Build | Town Center |
| 22:57 | Research | Heavy Plow |
| 23:00 | Research | Bow Saw |
| 23:08 | Create | Villager (Male) |
| 23:08 | Create | Villager (Male) |
| 23:09 | Create | Villager (Male) |
| 23:09 | Create | Villager (Male) |
| 23:09 | Create | Villager (Male) |
| 23:09 | Create | Villager (Male) |
| 23:10 | Create | Villager (Male) |
| 23:10 | Create | Villager (Male) |
| 23:20 | Build | Farm |
| 23:21 | Build | Farm |
| 23:22 | Build | Farm |
| 23:24 | Build | Farm |
| 23:46 | Build | Town Center |
| 23:49 | Create | Villager (Male) |
| 23:49 | Create | Villager (Male) |
| 23:50 | Create | Villager (Male) |
| 23:50 | Create | Villager (Male) |
| 23:50 | Create | Villager (Male) |
| 23:50 | Create | Villager (Male) |
| 23:51 | Create | Villager (Male) |
| 23:51 | Create | Villager (Male) |
| 23:51 | Create | Villager (Male) |
| 23:51 | Create | Villager (Male) |
| 24:19 | Build | Siege Workshop |
| 25:06 | Build | Monastery |
| 25:18 | Build | Farm |
| 25:20 | Build | Farm |
| 25:21 | Build | Farm |
| 25:23 | Build | Farm |
| 25:24 | Build | Farm |
| 25:25 | Build | Farm |
| 25:28 | Build | Mill |
| 25:40 | Build | Lumber Camp |
| 25:48 | Create | Monk |
| 25:50 | Create | Monk |
| 26:07 | Build | House |
| 26:08 | Build | House |
| 26:10 | Build | House |
| 26:17 | Build | House |
| 26:18 | Build | House |
Build order — YoungFlame
First 150 of 232 actions detected
| 0:01 | Create | Villager (Male) ×4 |
| 0:04 | Build | House |
| 0:06 | Build | House |
| 0:45 | Research | Loom |
| 0:50 | Create | Villager (Male) |
| 0:50 | Research | Loom |
| 1:26 | Create | Villager (Male) |
| 1:31 | Create | Villager (Male) |
| 2:06 | Build | Palisade Wall |
| 2:21 | Create | Villager (Male) |
| 2:46 | Create | Villager (Male) |
| 2:46 | Create | Villager (Male) |
| 2:46 | Create | Villager (Male) |
| 3:15 | Create | Villager (Male) |
| 3:40 | Build | Lumber Camp |
| 3:41 | Create | Villager (Male) |
| 4:04 | Create | Villager (Male) |
| 4:27 | Create | Villager (Male) |
| 4:42 | Build | House |
| 4:45 | Build | House |
| 5:07 | Create | Villager (Male) |
| 5:09 | Create | Villager (Male) |
| 5:14 | Build | House |
| 5:21 | Build | House |
| 5:23 | Build | House |
| 5:25 | Build | House |
| 5:38 | Create | Villager (Male) |
| 6:04 | Build | House |
| 6:05 | Build | House |
| 6:19 | Create | Villager (Male) |
| 6:27 | Build | Mill |
| 6:47 | Create | Villager (Male) |
| 7:01 | Create | Villager (Male) |
| 7:16 | Build | Mining Camp |
| 7:33 | Create | Villager (Male) |
| 7:45 | Create | Villager (Male) |
| 8:20 | Create | Villager (Male) |
| 8:20 | Create | Villager (Male) |
| 9:03 | Create | Villager (Male) |
| 9:13 | Create | Villager (Male) |
| 9:46 | Create | Villager (Male) |
| 9:50 | Create | Villager (Male) |
| 9:50 | Create | Villager (Male) |
| 11:37 | Build | Mining Camp |
| 11:40 | Research | Feudal Age |
| 12:36 | Create | Villager (Male) ×5 |
| 13:50 | Age | Feudal Age |
| 13:57 | Build | Farm |
| 13:58 | Build | Farm |
| 13:59 | Build | Farm |
| 14:01 | Build | Farm |
| 14:03 | Build | Farm |
| 14:18 | Research | Wheelbarrow |
| 14:18 | Research | Town Watch |
| 15:31 | Build | Mining Camp |
| 15:42 | Build | Market |
| 15:46 | Build | Blacksmith |
| 15:52 | Build | House |
| 15:54 | Build | House |
| 15:55 | Build | House |
| 15:56 | Build | House |
| 15:57 | Build | House |
| 15:58 | Build | House |
| 16:01 | Build | House |
| 16:03 | Build | House |
| 16:11 | Research | Horse Collar |
| 16:14 | Research | Double-Bit Axe |
| 16:18 | Research | Gold Mining |
| 16:18 | Research | Stone Mining |
| 16:33 | Build | Farm |
| 16:38 | Build | Farm |
| 16:40 | Build | Farm |
| 16:45 | Build | Farm |
| 16:49 | Build | Farm |
| 16:57 | Build | Farm |
| 17:11 | Build | Farm |
| 17:27 | Build | Farm |
| 17:29 | Create | Villager (Male) ×5 |
| 18:27 | Research | Castle Age |
| 19:01 | Build | Farm |
| 19:03 | Build | Farm |
| 19:05 | Create | Villager (Male) ×5 |
| 19:19 | Create | Villager (Male) |
| 19:27 | Research | Fletching |
| 19:52 | Build | Mining Camp |
| 20:18 | Build | Watch Tower |
| 20:22 | Build | Watch Tower |
| 20:24 | Build | Watch Tower |
| 21:30 | Age | Castle Age |
| 21:59 | Build | Gate |
| 22:11 | Build | Stone Wall |
| 22:13 | Build | Stone Wall |
| 22:24 | Build | Stone Wall |
| 22:26 | Build | Stone Wall |
| 22:40 | Research | Hand Cart |
| 22:40 | Research | Town Patrol |
| 22:56 | Research | Heavy Plow |
| 23:05 | Research | Bow Saw |
| 23:40 | Build | Watch Tower |
| 23:43 | Build | Watch Tower |
| 23:44 | Build | Watch Tower |
| 24:46 | Create | Villager (Male) ×5 |
| 24:50 | Build | House |
| 24:51 | Build | House |
| 24:52 | Build | House |
| 24:56 | Build | Mining Camp |
| 25:28 | Build | Barracks |
| 26:06 | Research | Bodkin Arrow |
| 26:15 | Build | Archery Range |
| 26:17 | Build | Archery Range |
| 26:20 | Build | Archery Range |
| 26:22 | Build | Archery Range |
| 26:38 | Build | Archery Range |
| 27:02 | Build | Castle |
| 27:10 | Create | Villager (Male) |
| 27:10 | Create | Villager (Male) |
| 27:23 | Build | University |
| 27:52 | Build | Archery Range |
| 27:53 | Build | Archery Range |
| 28:12 | Build | Archery Range |
| 28:24 | Build | Farm |
| 28:31 | Build | Farm |
| 28:39 | Create | Villager (Male) |
| 28:39 | Create | Villager (Male) |
| 28:39 | Create | Villager (Male) |
| 28:40 | Create | Villager (Male) |
| 28:40 | Create | Villager (Male) |
| 28:40 | Create | Villager (Male) |
| 28:41 | Create | Villager (Male) |
| 28:41 | Create | Villager (Male) |
| 28:41 | Create | Villager (Male) |
| 28:41 | Create | Villager (Male) |
| 28:42 | Create | Villager (Male) |
| 28:42 | Create | Villager (Male) |
| 28:42 | Create | Villager (Male) |
| 28:42 | Create | Villager (Male) |
| 28:43 | Create | Villager (Male) |
| 29:12 | Build | Lumber Camp |
| 29:34 | Research | Crossbowman (upgrade) |
| 29:56 | Build | Watch Tower |
| 29:58 | Build | Watch Tower |
| 30:01 | Build | Watch Tower |
| 30:25 | Build | Farm |
| 30:40 | Build | House |
| 30:46 | Build | House |
| 30:50 | Build | House |
| 31:04 | Research | Imperial Age |
| 31:15 | Research | Ballistics |
| 31:17 | Research | Masonry |
| 31:20 | Research | Murder Holes |
Build order — Ze das sega
First 150 of 244 actions detected
| 0:03 | Build | House |
| 0:05 | Build | House |
| 0:07 | Create | Villager (Male) ×4 |
| 1:39 | Create | Villager (Male) |
| 2:00 | Create | Villager (Male) |
| 2:00 | Create | Villager (Male) |
| 2:41 | Build | House |
| 2:43 | Build | House |
| 2:45 | Build | House |
| 3:21 | Create | Villager (Male) |
| 3:22 | Create | Villager (Male) |
| 3:56 | Research | Loom |
| 4:14 | Create | Villager (Male) |
| 4:24 | Create | Villager (Male) |
| 5:19 | Build | House |
| 5:27 | Build | House |
| 5:28 | Build | House |
| 5:37 | Build | Palisade Wall |
| 5:51 | Create | Villager (Male) |
| 5:51 | Create | Villager (Male) |
| 6:27 | Create | Villager (Male) |
| 6:27 | Create | Villager (Male) |
| 6:44 | Build | House |
| 6:59 | Create | Villager (Male) |
| 7:04 | Build | Mill |
| 7:08 | Create | Villager (Male) |
| 7:25 | Create | Villager (Male) |
| 8:31 | Create | Villager (Male) |
| 8:56 | Create | Villager (Male) |
| 9:12 | Build | Lumber Camp |
| 9:21 | Create | Villager (Male) |
| 9:42 | Create | Villager (Male) |
| 10:20 | Build | Mining Camp |
| 10:47 | Create | Villager (Male) |
| 10:51 | Research | Feudal Age |
| 10:51 | Create | Villager (Male) |
| 11:21 | Create | Villager (Male) |
| 12:36 | Build | Farm |
| 12:36 | Build | Farm |
| 12:36 | Build | Farm |
| 13:01 | Age | Feudal Age |
| 13:12 | Build | Mill |
| 13:25 | Create | Villager (Male) |
| 14:01 | Build | Mining Camp |
| 14:14 | Create | Villager (Male) |
| 14:31 | Create | Villager (Male) |
| 15:01 | Create | Villager (Male) |
| 15:06 | Research | Double-Bit Axe |
| 15:07 | Research | Horse Collar |
| 15:18 | Build | Market |
| 15:22 | Create | Villager (Male) |
| 15:44 | Create | Villager (Male) |
| 16:21 | Create | Villager (Male) |
| 16:29 | Build | Blacksmith |
| 16:34 | Create | Villager (Male) |
| 16:52 | Build | Farm |
| 17:12 | Create | Villager (Male) |
| 17:13 | Create | Villager (Male) |
| 17:26 | Build | House |
| 17:28 | Build | House |
| 17:30 | Build | House |
| 17:39 | Research | Castle Age |
| 18:52 | Research | Gold Mining |
| 18:53 | Research | Stone Mining |
| 19:32 | Create | Villager (Male) |
| 19:32 | Create | Villager (Male) |
| 19:40 | Build | Farm |
| 19:41 | Build | Farm |
| 19:41 | Build | Farm |
| 19:43 | Build | Farm |
| 19:48 | Build | Farm |
| 20:06 | Build | House |
| 20:07 | Build | House |
| 20:37 | Create | Villager (Male) |
| 20:42 | Age | Castle Age |
| 21:25 | Build | Castle |
| 21:41 | Build | Castle |
| 21:46 | Create | Villager (Male) |
| 21:52 | Create | Villager (Male) |
| 22:03 | Build | Town Center |
| 22:40 | Build | Stone Wall |
| 23:02 | Build | Farm |
| 23:02 | Build | Farm |
| 23:02 | Build | Farm |
| 23:03 | Build | Farm |
| 23:03 | Build | Farm |
| 23:07 | Create | Villager (Male) |
| 23:07 | Create | Villager (Male) |
| 23:07 | Create | Villager (Male) |
| 23:23 | Build | Gate |
| 24:01 | Build | Farm |
| 24:04 | Create | Villager (Male) |
| 24:04 | Create | Villager (Male) |
| 24:32 | Build | Stone Wall |
| 24:37 | Build | Gate |
| 24:57 | Create | Villager (Male) |
| 24:57 | Create | Villager (Male) |
| 25:02 | Research | Imperial Age |
| 25:21 | Create | Villager (Male) |
| 25:41 | Build | Stone Wall |
| 25:46 | Create | Villager (Male) |
| 25:46 | Create | Villager (Male) |
| 25:46 | Create | Villager (Male) |
| 26:01 | Build | Town Center |
| 26:27 | Create | Genoese Crossbowman |
| 26:27 | Create | Genoese Crossbowman |
| 26:28 | Create | Genoese Crossbowman |
| 26:32 | Research | Padded Archer Armor |
| 26:33 | Research | Fletching |
| 26:39 | Build | Farm |
| 26:43 | Create | Villager (Male) |
| 26:43 | Create | Villager (Male) |
| 27:14 | Create | Genoese Crossbowman |
| 27:14 | Create | Genoese Crossbowman |
| 27:15 | Create | Genoese Crossbowman |
| 27:32 | Build | Stone Wall |
| 27:36 | Build | Gate |
| 27:51 | Create | Villager (Male) |
| 27:51 | Create | Villager (Male) |
| 28:07 | Create | Villager (Male) |
| 28:07 | Create | Villager (Male) |
| 28:07 | Create | Villager (Male) |
| 28:08 | Create | Villager (Male) |
| 28:25 | Create | Genoese Crossbowman |
| 28:25 | Create | Genoese Crossbowman |
| 28:26 | Create | Genoese Crossbowman |
| 28:32 | Age | Imperial Age |
| 28:34 | Research | Leather Archer Armor |
| 28:45 | Research | Stone Shaft Mining |
| 29:04 | Build | Mining Camp |
| 29:17 | Create | Villager (Male) |
| 29:17 | Create | Villager (Male) |
| 29:17 | Create | Villager (Male) |
| 29:18 | Create | Villager (Male) |
| 29:23 | Create | Genoese Crossbowman |
| 29:24 | Create | Genoese Crossbowman |
| 29:24 | Create | Genoese Crossbowman |
| 29:57 | Build | Farm |
| 29:57 | Build | Farm |
| 29:57 | Build | Farm |
| 29:58 | Build | Farm |
| 29:59 | Build | Farm |
| 30:02 | Create | Villager (Male) |
| 30:03 | Create | Villager (Male) |
| 30:03 | Create | Villager (Male) |
| 30:04 | Create | Villager (Male) |
| 30:13 | Create | Trebuchet (Packed) |
| 30:30 | Research | Conscription |
| 30:40 | Build | Farm |
| 30:43 | Build | Farm |
Build order — Pasherine
First 150 of 223 actions detected
| 0:02 | Create | Villager (Male) |
| 0:02 | Create | Villager (Male) |
| 0:03 | Create | Villager (Male) |
| 0:07 | Research | Loom |
| 0:08 | Create | Villager (Male) |
| 0:08 | Create | Villager (Male) |
| 0:08 | Create | Villager (Male) |
| 0:09 | Create | Villager (Male) |
| 0:09 | Create | Villager (Male) |
| 0:20 | Build | House |
| 3:01 | Build | Palisade Wall |
| 3:19 | Create | Villager (Male) |
| 3:19 | Create | Villager (Male) |
| 3:20 | Create | Villager (Male) |
| 3:46 | Build | House |
| 4:17 | Create | Villager (Male) |
| 4:18 | Create | Villager (Male) |
| 4:39 | Build | Mining Camp |
| 4:53 | Create | Villager (Male) |
| 5:09 | Build | House |
| 5:26 | Create | Villager (Male) |
| 5:40 | Create | Villager (Male) |
| 6:11 | Create | Villager (Male) |
| 6:11 | Create | Villager (Male) |
| 6:24 | Create | Villager (Male) |
| 6:57 | Create | Villager (Male) |
| 7:17 | Build | Lumber Camp |
| 7:39 | Create | Villager (Male) |
| 7:39 | Create | Villager (Male) |
| 7:39 | Create | Villager (Male) |
| 10:14 | Research | Feudal Age |
| 10:17 | Create | Villager (Male) |
| 10:35 | Build | Mill |
| 11:15 | Build | Farm |
| 11:21 | Build | Farm |
| 11:32 | Create | Villager (Male) |
| 12:24 | Age | Feudal Age |
| 12:25 | Research | Double-Bit Axe |
| 12:40 | Build | Watch Tower |
| 12:43 | Build | Watch Tower |
| 12:53 | Create | Villager (Male) |
| 12:54 | Create | Villager (Male) |
| 13:03 | Create | Villager (Male) |
| 13:05 | Research | Horse Collar |
| 14:04 | Create | Villager (Male) |
| 14:27 | Create | Villager (Male) |
| 15:18 | Build | House |
| 15:19 | Build | House |
| 15:25 | Research | Wheelbarrow |
| 15:25 | Create | Villager (Male) |
| 15:31 | Build | Farm |
| 15:36 | Build | Farm |
| 15:41 | Build | Farm |
| 15:47 | Build | Farm |
| 15:55 | Create | Villager (Male) |
| 16:34 | Build | Market |
| 17:03 | Build | Mining Camp |
| 17:13 | Build | Mining Camp |
| 17:24 | Build | Barracks |
| 17:38 | Research | Stone Mining |
| 17:49 | Build | Farm |
| 17:52 | Create | Villager (Male) |
| 17:53 | Create | Villager (Male) |
| 18:21 | Create | Villager (Male) |
| 18:24 | Build | Farm |
| 18:25 | Create | Villager (Male) |
| 18:25 | Create | Villager (Male) |
| 18:47 | Build | Farm |
| 19:21 | Build | Stable |
| 19:28 | Build | Farm |
| 19:32 | Build | Farm |
| 19:46 | Build | Farm |
| 19:52 | Create | Villager (Male) |
| 19:57 | Create | Villager (Male) |
| 20:05 | Build | Mining Camp |
| 20:19 | Build | Blacksmith |
| 20:32 | Build | Mill |
| 20:45 | Build | Mill |
| 20:48 | Research | Castle Age |
| 21:23 | Create | Scout Cavalry |
| 21:23 | Create | Scout Cavalry |
| 22:20 | Build | Stone Wall |
| 22:34 | Build | Gate |
| 22:41 | Create | Villager (Male) |
| 22:42 | Create | Villager (Male) |
| 22:49 | Research | Fletching |
| 23:19 | Build | House |
| 23:20 | Build | House |
| 23:22 | Build | House |
| 23:28 | Age | Castle Age |
| 23:29 | Research | Forging |
| 23:40 | Build | Town Center |
| 23:43 | Create | Villager (Male) |
| 23:43 | Create | Villager (Male) |
| 23:45 | Research | Bow Saw |
| 24:02 | Build | Castle |
| 24:23 | Research | Heavy Plow |
| 24:30 | Create | Villager (Male) |
| 24:31 | Create | Villager (Male) |
| 24:31 | Create | Villager (Male) |
| 24:31 | Create | Villager (Male) |
| 24:56 | Build | Stable |
| 24:59 | Build | Stable |
| 25:08 | Create | Villager (Male) |
| 25:18 | Build | Farm |
| 25:41 | Build | Lumber Camp |
| 25:46 | Build | Farm |
| 25:50 | Build | Farm |
| 25:51 | Create | Villager (Male) |
| 25:51 | Create | Villager (Male) |
| 26:00 | Create | Villager (Male) |
| 26:00 | Create | Villager (Male) |
| 26:01 | Create | Villager (Male) |
| 26:01 | Create | Villager (Male) |
| 26:27 | Build | Town Center |
| 26:59 | Build | Farm |
| 27:10 | Create | Villager (Male) |
| 27:10 | Create | Villager (Male) |
| 27:14 | Create | Villager (Male) |
| 27:14 | Create | Villager (Male) |
| 27:31 | Build | Mill |
| 27:41 | Build | Lumber Camp |
| 28:15 | Build | Farm |
| 28:19 | Build | Farm |
| 28:22 | Create | Villager (Male) |
| 28:22 | Create | Villager (Male) |
| 28:22 | Create | Villager (Male) |
| 28:57 | Build | Monastery |
| 29:22 | Research | Imperial Age |
| 29:36 | Create | Villager (Male) |
| 29:36 | Create | Villager (Male) |
| 29:55 | Create | Villager (Male) |
| 29:55 | Create | Villager (Male) |
| 30:10 | Create | Monk |
| 30:25 | Build | Farm |
| 30:29 | Create | Villager (Male) |
| 30:33 | Create | Villager (Male) |
| 30:36 | Research | Gold Mining |
| 30:44 | Research | Stone Shaft Mining |
| 30:49 | Create | Villager (Male) |
| 30:55 | Create | Villager (Male) |
| 31:00 | Build | Farm |
| 31:03 | Create | Villager (Male) |
| 31:04 | Create | Villager (Male) |
| 31:07 | Create | Villager (Male) |
| 31:07 | Create | Villager (Male) |
| 31:22 | Build | Castle |
| 31:41 | Build | Stable |
| 31:42 | Build | Stable |
| 31:52 | Build | Stable |
Build order — Marcosvbh
141 actions detected in the replay
| 0:08 | Build | House |
| 0:15 | Build | House |
| 0:17 | Create | Villager (Male) |
| 0:17 | Create | Villager (Male) |
| 0:17 | Create | Villager (Male) |
| 1:02 | Create | Villager (Male) |
| 2:42 | Create | Villager (Male) |
| 2:42 | Create | Villager (Male) |
| 3:31 | Build | Mill |
| 4:06 | Create | Villager (Male) |
| 5:00 | Create | Villager (Male) |
| 5:16 | Create | Villager (Male) |
| 5:33 | Create | Villager (Male) |
| 6:06 | Build | Lumber Camp |
| 6:26 | Create | Villager (Male) |
| 6:58 | Create | Villager (Male) |
| 7:25 | Build | House |
| 7:26 | Build | House |
| 8:41 | Research | Feudal Age |
| 9:03 | Build | Farm |
| 9:38 | Create | Villager (Male) |
| 9:55 | Create | Villager (Male) |
| 10:16 | Create | Villager (Male) |
| 10:58 | Research | Horse Collar |
| 12:07 | Build | Stable |
| 12:20 | Build | Farm |
| 12:24 | Create | Villager (Male) |
| 12:45 | Create | Villager (Male) |
| 12:59 | Build | Farm |
| 13:27 | Build | Farm |
| 13:32 | Create | Scout Cavalry |
| 13:32 | Create | Scout Cavalry |
| 13:33 | Create | Scout Cavalry |
| 13:45 | Build | Blacksmith |
| 14:01 | Build | Farm |
| 14:08 | Build | Farm |
| 14:22 | Create | Scout Cavalry |
| 14:27 | Create | Villager (Male) |
| 14:30 | Create | Villager (Male) |
| 15:02 | Build | House |
| 15:05 | Build | House |
| 15:42 | Build | Farm |
| 15:48 | Create | Scout Cavalry |
| 15:49 | Create | Scout Cavalry |
| 16:11 | Create | Villager (Male) |
| 17:16 | Build | Archery Range |
| 17:58 | Research | Scale Barding Armor |
| 18:08 | Create | Scout Cavalry |
| 18:09 | Create | Scout Cavalry |
| 18:19 | Create | Archer |
| 18:19 | Create | Archer |
| 18:19 | Create | Archer |
| 18:37 | Build | Market |
| 18:43 | Create | Villager (Male) |
| 18:43 | Create | Villager (Male) |
| 18:52 | Research | Forging |
| 18:55 | Create | Scout Cavalry |
| 18:56 | Create | Scout Cavalry |
| 19:42 | Create | Skirmisher |
| 19:42 | Create | Skirmisher |
| 19:52 | Build | House |
| 19:54 | Build | House |
| 19:59 | Create | Villager (Male) |
| 19:59 | Create | Villager (Male) |
| 20:13 | Build | Archery Range |
| 20:38 | Create | Villager (Male) |
| 20:38 | Create | Villager (Male) |
| 20:39 | Create | Villager (Male) |
| 21:31 | Create | Archer |
| 21:54 | Build | Farm |
| 22:01 | Build | Farm |
| 22:41 | Build | Mining Camp |
| 22:48 | Build | Farm |
| 22:55 | Build | Farm |
| 23:01 | Build | Farm |
| 23:10 | Build | Farm |
| 23:16 | Research | Padded Archer Armor |
| 24:38 | Build | Archery Range |
| 24:48 | Build | House |
| 24:51 | Build | House |
| 25:18 | Create | Villager (Male) |
| 25:21 | Create | Villager (Male) |
| 25:21 | Create | Villager (Male) |
| 25:25 | Research | Bloodlines |
| 25:46 | Build | House |
| 25:48 | Build | House |
| 26:03 | Create | Archer |
| 26:19 | Build | Farm |
| 26:28 | Create | Villager (Male) |
| 26:29 | Create | Villager (Male) |
| 26:29 | Create | Villager (Male) |
| 27:02 | Build | Archery Range |
| 27:04 | Build | Archery Range |
| 27:19 | Build | Lumber Camp |
| 27:23 | Create | Villager (Male) |
| 27:23 | Create | Villager (Male) |
| 27:44 | Build | Mining Camp |
| 28:09 | Create | Villager (Male) |
| 28:10 | Create | Villager (Male) |
| 28:12 | Create | Villager (Male) |
| 28:25 | Research | Double-Bit Axe |
| 29:24 | Build | Stable |
| 29:25 | Build | Stable |
| 29:31 | Research | Castle Age |
| 30:12 | Create | Archer |
| 30:21 | Create | Scout Cavalry |
| 30:21 | Create | Scout Cavalry |
| 30:22 | Create | Scout Cavalry |
| 30:22 | Create | Scout Cavalry |
| 30:22 | Create | Scout Cavalry |
| 30:22 | Create | Scout Cavalry |
| 32:30 | Create | Scout Cavalry |
| 32:30 | Create | Scout Cavalry |
| 32:30 | Create | Scout Cavalry |
| 32:30 | Create | Scout Cavalry |
| 32:47 | Research | Husbandry |
| 32:49 | Create | Battle Elephant |
| 32:49 | Create | Battle Elephant |
| 32:50 | Create | Battle Elephant |
| 33:06 | Create | Battle Elephant |
| 33:29 | Build | Monastery |
| 34:23 | Create | Villager (Male) |
| 34:23 | Create | Villager (Male) |
| 34:47 | Create | Monk |
| 34:48 | Create | Monk |
| 35:25 | Build | Siege Workshop |
| 35:33 | Create | Battle Elephant |
| 36:42 | Build | House |
| 36:44 | Build | House |
| 36:45 | Build | House |
| 36:46 | Build | House |
| 36:48 | Build | House |
| 36:58 | Create | Battle Elephant |
| 36:59 | Create | Battle Elephant |
| 36:59 | Create | Battle Elephant |
| 38:47 | Research | Gold Mining |
| 39:04 | Research | Chain Barding Armor |
| 39:08 | Create | Battle Elephant |
| 40:20 | Create | Scorpion |
| 40:21 | Create | Scorpion |
| 40:21 | Create | Scorpion |
Build order — Ren
First 150 of 350 actions detected
| 0:05 | Create | Villager (Male) |
| 0:09 | Build | House |
| 0:12 | Build | House |
| 0:13 | Create | Villager (Male) ×4 |
| 1:31 | Create | Villager (Male) |
| 1:31 | Create | Villager (Male) |
| 1:50 | Build | Lumber Camp |
| 1:51 | Create | Villager (Male) |
| 2:31 | Create | Villager (Male) |
| 2:31 | Create | Villager (Male) |
| 3:00 | Create | Villager (Male) |
| 3:00 | Create | Villager (Male) |
| 3:21 | Build | Mill |
| 3:47 | Create | Villager (Male) |
| 3:49 | Build | House |
| 4:07 | Create | Villager (Male) |
| 4:08 | Create | Villager (Male) |
| 4:46 | Create | Villager (Male) |
| 4:47 | Create | Villager (Male) |
| 4:47 | Create | Villager (Male) |
| 4:57 | Build | Mill |
| 5:16 | Create | Villager (Male) |
| 5:17 | Create | Villager (Male) |
| 5:36 | Create | Villager (Male) |
| 5:49 | Build | House |
| 5:53 | Create | Villager (Male) |
| 6:12 | Create | Villager (Male) |
| 6:36 | Create | Villager (Male) |
| 6:36 | Create | Villager (Male) |
| 6:37 | Create | Villager (Male) |
| 7:25 | Build | Mining Camp |
| 8:06 | Build | House |
| 8:22 | Research | Feudal Age |
| 9:02 | Create | Villager (Male) |
| 9:03 | Create | Villager (Male) |
| 10:14 | Create | Villager (Male) |
| 10:14 | Create | Villager (Male) |
| 10:29 | Age | Feudal Age |
| 10:34 | Build | Market |
| 10:44 | Build | Blacksmith |
| 11:33 | Research | Castle Age |
| 11:50 | Research | Double-Bit Axe |
| 11:59 | Build | Farm |
| 11:59 | Build | Farm |
| 11:59 | Build | Farm |
| 12:04 | Build | Farm |
| 12:05 | Build | Farm |
| 12:31 | Build | Farm |
| 12:37 | Build | Farm |
| 12:43 | Research | Horse Collar |
| 13:07 | Research | Loom |
| 13:19 | Build | House |
| 14:03 | Age | Castle Age |
| 14:09 | Create | Villager (Male) |
| 14:13 | Build | Town Center |
| 14:27 | Create | Villager (Male) |
| 14:35 | Build | Town Center |
| 14:51 | Create | Villager (Male) |
| 14:57 | Build | Farm |
| 15:03 | Build | Farm |
| 15:21 | Build | Farm |
| 15:22 | Create | Villager (Male) |
| 15:34 | Build | Farm |
| 15:44 | Create | Villager (Male) |
| 15:48 | Build | Farm |
| 15:54 | Build | Farm |
| 16:03 | Build | Farm |
| 16:06 | Create | Villager (Male) |
| 16:12 | Create | Villager (Male) |
| 16:15 | Create | Villager (Male) |
| 16:17 | Build | Farm |
| 16:22 | Create | Villager (Male) |
| 16:24 | Create | Villager (Male) |
| 16:24 | Create | Villager (Male) |
| 16:31 | Create | Villager (Male) |
| 16:31 | Create | Villager (Male) |
| 16:31 | Create | Villager (Male) |
| 16:35 | Build | Farm |
| 16:39 | Build | Farm |
| 16:44 | Create | Villager (Male) |
| 16:44 | Create | Villager (Male) |
| 16:44 | Create | Villager (Male) |
| 16:46 | Create | Villager (Male) |
| 16:54 | Create | Villager (Male) |
| 17:00 | Build | Farm |
| 17:04 | Build | Farm |
| 17:08 | Build | Farm |
| 17:15 | Build | House |
| 17:25 | Build | House |
| 17:29 | Create | Villager (Male) |
| 17:29 | Create | Villager (Male) |
| 17:29 | Create | Villager (Male) |
| 17:33 | Build | Farm |
| 17:36 | Build | Farm |
| 17:39 | Build | Farm |
| 17:44 | Build | Farm |
| 17:48 | Build | House |
| 17:51 | Create | Villager (Male) |
| 17:51 | Create | Villager (Male) |
| 17:52 | Create | Villager (Male) |
| 17:55 | Build | Farm |
| 18:06 | Create | Villager (Male) |
| 18:08 | Build | Farm |
| 18:11 | Build | House |
| 18:16 | Build | Farm |
| 18:25 | Create | Villager (Male) |
| 18:25 | Create | Villager (Male) |
| 18:25 | Create | Villager (Male) |
| 18:28 | Build | Farm |
| 18:43 | Build | Farm |
| 18:48 | Create | Villager (Male) |
| 18:48 | Create | Villager (Male) |
| 18:48 | Create | Villager (Male) |
| 18:50 | Build | Farm |
| 18:54 | Build | House |
| 18:56 | Create | Villager (Male) |
| 18:59 | Build | Farm |
| 19:06 | Build | Farm |
| 19:10 | Create | Villager (Male) |
| 19:10 | Create | Villager (Male) |
| 19:12 | Build | House |
| 19:22 | Build | Mill |
| 19:26 | Build | Farm |
| 19:30 | Create | Villager (Male) |
| 19:30 | Create | Villager (Male) |
| 19:31 | Create | Villager (Male) |
| 19:35 | Build | Farm |
| 19:39 | Build | Farm |
| 19:48 | Create | Villager (Male) |
| 19:48 | Create | Villager (Male) |
| 19:48 | Create | Villager (Male) |
| 19:52 | Build | Farm |
| 19:55 | Build | Farm |
| 20:01 | Build | Farm |
| 20:15 | Build | House |
| 20:16 | Build | House |
| 20:22 | Build | Farm |
| 20:27 | Create | Villager (Male) ×5 |
| 20:30 | Research | Wheelbarrow |
| 20:33 | Research | Heavy Plow |
| 20:36 | Research | Bow Saw |
| 20:37 | Research | Bow Saw |
| 20:46 | Research | Gold Mining |
| 20:47 | Research | Gold Mining |
| 21:05 | Create | Villager (Male) |
| 21:06 | Create | Villager (Male) |
| 21:07 | Create | Villager (Male) |
| 21:07 | Create | Villager (Male) |
| 21:17 | Build | House |
| 21:19 | Build | House |
Build order — ZAX
131 actions detected in the replay
| 0:48 | Build | Palisade Wall |
| 1:17 | Create | Villager (Male) |
| 1:18 | Research | Loom |
| 2:04 | Build | Palisade Wall |
| 2:42 | Build | House |
| 4:14 | Create | Villager (Male) |
| 4:14 | Create | Villager (Male) |
| 4:15 | Create | Villager (Male) |
| 4:15 | Create | Villager (Male) |
| 5:04 | Build | Palisade Wall |
| 5:40 | Build | House |
| 5:50 | Create | Villager (Male) |
| 5:50 | Create | Villager (Male) |
| 5:51 | Create | Villager (Male) |
| 6:38 | Create | Villager (Male) |
| 6:59 | Build | Palisade Wall |
| 7:08 | Create | Villager (Male) |
| 7:16 | Build | House |
| 8:09 | Build | Lumber Camp |
| 8:18 | Create | Villager (Male) |
| 8:18 | Create | Villager (Male) |
| 8:19 | Create | Villager (Male) |
| 9:36 | Create | Villager (Male) |
| 9:37 | Create | Villager (Male) |
| 9:39 | Create | Villager (Male) |
| 10:11 | Build | Mill |
| 10:55 | Create | Villager (Male) |
| 11:04 | Build | Farm |
| 11:28 | Build | Farm |
| 12:01 | Create | Villager (Male) |
| 12:33 | Build | Farm |
| 12:42 | Create | Villager (Male) |
| 13:15 | Build | Farm |
| 13:19 | Create | Villager (Male) |
| 13:19 | Create | Villager (Male) |
| 14:46 | Create | Villager (Male) |
| 15:27 | Build | House |
| 15:57 | Build | Farm |
| 16:01 | Research | Feudal Age |
| 16:07 | Build | Farm |
| 16:14 | Build | House |
| 17:04 | Build | Barracks |
| 17:13 | Create | Villager (Male) |
| 18:05 | Create | Villager (Male) |
| 18:11 | Age | Feudal Age |
| 18:16 | Research | Horse Collar |
| 18:21 | Research | Double-Bit Axe |
| 18:29 | Build | Mining Camp |
| 19:09 | Build | Farm |
| 19:12 | Create | Villager (Male) |
| 19:13 | Create | Villager (Male) |
| 19:28 | Research | Gold Mining |
| 19:44 | Build | Farm |
| 19:49 | Create | Villager (Male) |
| 19:58 | Create | Eagle Scout |
| 20:09 | Build | Farm |
| 20:26 | Build | Outpost |
| 20:39 | Build | Farm |
| 20:43 | Create | Villager (Male) |
| 20:43 | Create | Villager (Male) |
| 20:43 | Create | Villager (Male) |
| 21:14 | Build | House |
| 21:28 | Build | House |
| 21:39 | Build | Farm |
| 21:46 | Create | Villager (Male) |
| 22:15 | Build | Watch Tower |
| 22:25 | Build | House |
| 22:37 | Create | Villager (Male) |
| 22:39 | Create | Villager (Male) |
| 23:00 | Build | Blacksmith |
| 23:24 | Create | Villager (Male) |
| 23:37 | Build | Mining Camp |
| 23:47 | Build | Farm |
| 24:07 | Build | Archery Range |
| 24:15 | Create | Villager (Male) |
| 24:15 | Create | Villager (Male) |
| 25:18 | Create | Villager (Male) |
| 25:19 | Research | Castle Age |
| 25:51 | Build | Market |
| 25:59 | Create | Villager (Male) |
| 26:03 | Research | Stone Mining |
| 26:41 | Research | Forging |
| 26:42 | Research | Scale Mail Armor |
| 27:04 | Research | Fletching |
| 27:38 | Build | House |
| 28:03 | Create | Trade Cart |
| 28:23 | Age | Castle Age |
| 28:28 | Research | Eagle Warrior (upgrade) |
| 28:36 | Create | Eagle Scout |
| 28:36 | Create | Eagle Scout |
| 28:36 | Create | Eagle Scout |
| 28:45 | Build | House |
| 29:01 | Build | Town Center |
| 29:13 | Create | Villager (Male) |
| 29:13 | Create | Villager (Male) |
| 29:19 | Research | Heavy Plow |
| 29:25 | Research | Bow Saw |
| 29:51 | Build | House |
| 30:00 | Build | Farm |
| 30:10 | Build | Monastery |
| 30:15 | Create | Villager (Male) |
| 30:15 | Create | Villager (Male) |
| 30:28 | Research | Iron Casting |
| 30:29 | Research | Chain Mail Armor |
| 30:42 | Build | House |
| 30:52 | Build | Farm |
| 31:12 | Build | Farm |
| 31:19 | Build | House |
| 31:42 | Create | Monk |
| 31:45 | Create | Villager (Male) |
| 31:48 | Create | Monk |
| 32:17 | Build | Farm |
| 32:23 | Build | Farm |
| 32:38 | Build | Farm |
| 32:46 | Create | Villager (Male) |
| 32:46 | Create | Villager (Male) |
| 32:50 | Create | Eagle Scout |
| 32:50 | Create | Eagle Scout |
| 32:52 | Research | Squires |
| 32:56 | Research | Arson |
| 33:26 | Build | Castle |
| 33:49 | Build | University |
| 33:53 | Create | Villager (Male) |
| 33:53 | Create | Villager (Male) |
| 34:41 | Create | Eagle Scout |
| 34:41 | Create | Eagle Scout |
| 34:55 | Create | Villager (Male) |
| 34:55 | Create | Villager (Male) |
| 34:56 | Research | Wheelbarrow |
| 35:14 | Create | Eagle Scout |
| 35:14 | Create | Eagle Scout |
Match timeline
| 0:48 | ZAX · wall_segment Palisade Wall x8 |
| 1:42 | MOTHERSHIP · wall_segment Palisade Wall x4 |
| 1:51 | MOTHERSHIP · wall_segment Palisade Wall x1 |
| 1:56 | MOTHERSHIP · wall_segment Palisade Wall x6 |
| 2:04 | ZAX · wall_segment Palisade Wall x11 |
| 2:06 | YoungFlame · wall_segment Palisade Wall x16 |
| 2:07 | MOTHERSHIP · wall_segment Palisade Wall x7 |
| 3:01 | Pasherine · wall_segment Palisade Wall x15 |
| 5:04 | ZAX · wall_segment Palisade Wall x13 |
| 5:37 | Ze das sega · wall_segment Palisade Wall x2 |
| 6:59 | ZAX · wall_segment Palisade Wall x9 |
| 8:02 | MOTHERSHIP · wall_segment Palisade Wall x8 |
| 9:52 | Slaya · wall_segment Palisade Wall x16 |
| 10:29 | Ren · age_up feudal |
| 11:28 | Slaya · age_up feudal |
| 12:07 | Marcosvbh · first_building Stable |
| 12:24 | Pasherine · age_up feudal |
| 13:01 | Ze das sega · age_up feudal |
| 13:50 | YoungFlame · age_up feudal |
| 14:03 | Ren · age_up castle |
| 14:28 | MOTHERSHIP · age_up feudal |
| 16:00 | Slaya · wall_segment Stone Wall x21 |
| 17:04 | ZAX · first_building Barracks |
| 17:16 | Marcosvbh · first_building Archery Range |
| 17:24 | Pasherine · first_building Barracks |
| 18:11 | ZAX · age_up feudal |
| 18:52 | Slaya · first_building Barracks |
| 19:21 | Pasherine · first_building Stable |
| 19:43 | MOTHERSHIP · first_building Barracks |
| 20:42 | Ze das sega · age_up castle |
| 21:25 | Ze das sega · first_building Castle |
| 21:30 | YoungFlame · age_up castle |
| 21:54 | MOTHERSHIP · first_building Archery Range |
| 22:11 | YoungFlame · wall_segment Stone Wall x8 |
| 22:13 | YoungFlame · wall_segment Stone Wall x1 |
| 22:20 | Pasherine · wall_segment Stone Wall x9 |
| 22:24 | YoungFlame · wall_segment Stone Wall x1 |
| 22:26 | YoungFlame · wall_segment Stone Wall x1 |
| 22:40 | Ze das sega · wall_segment Stone Wall x9 |
| 22:41 | Slaya · age_up castle |
| 23:28 | Pasherine · age_up castle |
| 23:34 | Ren · first_building Monastery |
| 24:02 | Pasherine · first_building Castle |
| 24:07 | ZAX · first_building Archery Range |
| 24:19 | Slaya · first_building Siege Workshop |
| 24:32 | Ze das sega · wall_segment Stone Wall x9 |
| 25:02 | Ren · first_building Barracks |
| 25:06 | Slaya · first_building Monastery |
| 25:28 | YoungFlame · first_building Barracks |
| 25:38 | MOTHERSHIP · age_up castle |
| 25:41 | Ze das sega · wall_segment Stone Wall x9 |
| 26:15 | YoungFlame · first_building Archery Range |
| 26:44 | Ren · first_building Castle |
| 27:02 | Ren · age_up imperial |
| 27:02 | YoungFlame · first_building Castle |
| 27:13 | MOTHERSHIP · first_market_buy 100 food |
| 27:32 | Ze das sega · wall_segment Stone Wall x4 |
| 28:23 | ZAX · age_up castle |
| 28:32 | Ze das sega · age_up imperial |
| 28:39 | Ren · first_building Stable |
| 28:57 | Pasherine · first_building Monastery |
| 29:16 | Pasherine · first_market_sell 100 wood |
| 30:10 | ZAX · first_building Monastery |
| 31:01 | Slaya · first_building Stable |
| 32:22 | MOTHERSHIP · tribute_sent a jugador 1 |
| 32:22 | MOTHERSHIP · tribute_sent a jugador 2 |
| 32:22 | MOTHERSHIP · tribute_sent a jugador 3 |
| 32:22 | MOTHERSHIP · tribute_sent a jugador 4 |
| 32:22 | MOTHERSHIP · tribute_sent a jugador 5 |
| 32:22 | MOTHERSHIP · tribute_sent a jugador 7 |
| 32:22 | MOTHERSHIP · tribute_sent a jugador 8 |
| 32:32 | Pasherine · age_up imperial |
| 33:26 | ZAX · first_building Castle |
| 33:29 | Marcosvbh · first_building Monastery |
| 33:58 | Ren · first_building Siege Workshop |
| 34:01 | MOTHERSHIP · resign |
| 34:19 | YoungFlame · age_up imperial |
| 34:52 | Slaya · age_up imperial |
| 35:04 | Ze das sega · wall_segment Stone Wall x5 |
| 35:25 | Marcosvbh · first_building Siege Workshop |
| 36:41 | Slaya · first_building Castle |
| 37:17 | Ren · first_market_sell 500 food |
[ AI ANALYSIS · 1 CREDIT ]
What really happened in this match?
Wolo.gg analyzes every decision: build order, eco, micro, common mistakes by bracket. Personalized analysis on WhatsApp or Discord in 30 seconds.
Civ guide
Vietnamese
Perfil
MOTHERSHIP